 Dungeon Crawl Stone Soup version 0.27.0-1-g7a089689b8 (webtiles) character file.

Game seed: 3577678215110089686

254 hawla the Grave Robber (level 5, -5/30 HPs)
             Began as a Deep Elf Necromancer on Aug 3, 2021.
             Was a Follower of Vehumet.
             Killed from afar by a white imp (11 damage)
             ... with a puff of frost
             ... on level 5 of the Dungeon.
             The game lasted 00:14:41 (6174 turns).

hawla the Grave Robber (Deep Elf Necromancer)       Turns: 6174, Time: 00:14:41

Health: -5/30      AC:  2    Str:  5    XL:     5   Next: 91%
Magic:  13/13      EV: 13    Int: 21    God:    Vehumet [*.....]
Gold:   185        SH:  0    Dex: 15    Spells: 4/12 levels left

rFire    . . .     SeeInvis .   d - staff of death
rCold    . . .     Faith    .   (no shield)
rNeg     + . .     Spirit   .   a - +0 robe
rPois    .         Reflect  .   (no helmet)
rElec    .         Harm     .   (no cloak)
rCorr    +         Rampage  .   (no gloves)
Will     .....                  (no boots)
Stlth    ++........             (no amulet)
HPRegen  0.10/turn              b - ring of resist corrosion
MPRegen  0.13/turn              (no ring)

@: no status effects
A: no striking features
a: Renounce Religion


You were on level 5 of the Dungeon.
You worshipped Vehumet.
Vehumet was aware of your devotion.
You visited 1 branch of the dungeon, and saw 5 of its levels.

You collected 185 gold pieces.

Inventory:

Armour
 a - a +0 robe (worn)
Magical Staves
 d - a staff of death (weapon)
Jewellery
 b - a ring of resist corrosion (left hand)
 f - an amulet of guardian spirit
Scrolls
 g - a scroll of identify
 i - a scroll of enchant weapon


   Skills:
 - Level 2.0 Fighting
 - Level 1.0 Staves
 - Level 1.0 Throwing
 + Level 3.6 Dodging
 - Level 3.0 Stealth
 - Level 4.0 Spellcasting
 + Level 6.3 Necromancy
 + Level 0.8 Evocations


You had 4 spell levels left.
You knew the following spells:

 Your Spells              Type           Power      Damage    Failure   Level
a - Pain                  Necr           100%       1d9       1%          1
b - Vampiric Draining     Necr           23%        2d9       2%          3
c - Animate Dead          Necr           23%        N/A       9%          4

Your spell library contained the following spells:

 Spells                   Type           Power      Damage    Failure   Level
 Sandblast                Erth           8%         2d5       12%         1
 Animate Skeleton         Necr           92%        N/A       1%          1
 Agony                    Necr           46%        N/A       24%         5


Dungeon Overview and Level Annotations

Branches:
Dungeon (5/15)
 Temple: D:4-7

Altars:
Ashenzari
Cheibriados
Fedhas
Gozag
Ru
Uskayaw
Vehumet

Annotations:
D:2 Sigmund
D:3 3 runed translucent doors, DocClef's ghost, novice GnDe; Jessica; Rallik's ghost, amateur DjCj


Message History

The white imp gestures at you. The puff of frost hits you.
The white imp gestures at you.
The puff of frost hits you but does no damage.
The white imp gestures at you.
The puff of frost hits you but does no damage.
You barely miss the white imp.
The white imp hits you but does no damage.
You barely miss the white imp. The white imp gestures at you.
The puff of frost hits you.
You hit the white imp but do no damage. The white imp gestures at you.
The puff of frost hits you but does no damage.
The white imp hits you but does no damage.
You closely miss the white imp. The white imp gestures at you.
The puff of frost hits you.
You hit the white imp but do no damage. The white imp hits you.
The white imp freezes you.
You closely miss the white imp.
The white imp hits you but does no damage.
It was a potion of cancellation.
Your magical effects are unravelling.
You feel magically purged.
You feel less wooden.
Your +0 robe unmelds from your body.
The white imp misses you.
It was a potion of curing.
You feel better. The white imp closely misses you.
As you read the scroll labelled AMIDAI TUOM, it crumbles to dust.
The scroll dissolves into smoke.
It was a scroll of fog.
The white imp closely misses you.
The white imp disappears for a moment.
The white imp gestures at you. The puff of frost hits you!
* * * LOW HITPOINT WARNING * * *
You aren't carrying any potions.
You see here a +0 robe.
The white imp gestures at you. The puff of frost hits you!
You die...

##....###...######
.......#.....#...#
.......#.....#...#
.......'.....#...' ...
##+##########'######## ....
#..............####### .....
#..............#...... .....
#..............#......
.....####..5[@.........#+###[#
#...§§§§#####'#####.....##.#
#..§§§§§'.........#.....'..+
#..§§§§§#.........#.....#..#
#..§§§§§##..#######.<...#+##
##.......####.........[.....
+.......#..#...............
#.......'..#...............
#.......##+#...............


You could see a white imp.

Vanquished Creatures
  An orc priest (D:4)
  2 jellies
  A hound skeleton (D:2)
  3 adders
  4 gnolls
  7 orcs
  8 endoplasms
  3 giant cockroaches
  3 hobgoblins
  7 jackals
  4 quokkas
  6 ball pythons
  A bat (D:3)
  2 goblins
  7 kobolds
  3 rats
62 creatures vanquished.

Vanquished Creatures (collateral kills)
  4 gnolls (D:3)
4 creatures vanquished.

Grand Total: 66 creatures vanquished

Notes
Turn   | Place    | Note
-------+----------+-------------------------------------------
     0 | D:1      | hawla the Deep Elf Necromancer began the quest for the Orb.
     0 | D:1      | Reached XP level 1. HP: 10/10 MP: 6/6
   199 | D:1      | Found a faded altar of an unknown god.
  1186 | D:2      | Reached skill level 5 in Necromancy
  1186 | D:2      | Reached XP level 2. HP: 12/16 MP: 4/8
  1606 | D:2      | Reached XP level 3. HP: 15/20 MP: 8/10
  1613 | D:2      | Reached skill level 1 in Fighting
  1801 | D:2      | HP: 1/20 [gnoll (5)]
  2243 | D:2      | Learned a level 3 spell: Vampiric Draining
  2648 | D:2      | Reached XP level 4. HP: 9/25 MP: 1/12
  3170 | D:2      | Noticed Sigmund
  3248 | D:3      | Reached skill level 1 in Throwing
  3395 | D:3      | Learned a level 4 spell: Animate Dead
  3422 | D:3      | Found a snail-covered altar of Cheibriados.
  3656 | D:2      | You fall into a shaft and drop 2 floors!
  3714 | D:4      | Found a radiant altar of Vehumet.
  3725 | D:4      | Became a worshipper of Vehumet
  4051 | D:3      | Found a broken altar of Ashenzari.
  4127 | D:3      | Reached XP level 5. HP: 30/30 MP: 8/13
  4176 | D:3      | Found an opulent altar of Gozag.
  4333 | D:3      | Noticed Jessica
  4767 | D:3      | Found a runed translucent gate.
  4767 | D:3      | Found a runed translucent gate.
  4767 | D:3      | Found a runed translucent gate.
  4768 | D:3      | Noticed Rallik's ghost (amateur DjCj)
  4769 | D:3      | Noticed DocClef's ghost (novice GnDe)
  4910 | D:3      | Reached skill level 6 in Necromancy
  5046 | D:3      | Found a blossoming altar of Fedhas.
  5046 | D:3      | Found a sacrificial altar of Ru.
  5317 | D:4      | Reached * piety under Vehumet
  5317 | D:4      | Offered knowledge of Sandblast by Vehumet.
  5319 | D:4      | Reached skill level 1 in Staves
  6045 | D:5      | Entered Level 5 of the Dungeon
  6063 | D:5      | Found a hide-covered altar of Uskayaw.
  6063 | D:5      | Noticed a +0 dagger
  6064 | D:5      | Noticed a +0 hand axe
  6174 | D:5      | Killed from afar by a white imp

Illustrated notes

Levels and vault maps discovered:
D:1:      dpeg_arrival_three_same_balls, layout_basic,
          shapermc_ecumenical_altar_venn
D:2:      layout_basic, minmay_misc_feat_secret_circle, uniq_sigmund
D:3:      layout_basic, grunt_gozag_breadcrumbs, slow_altar_2,
          ashenzari_conservatory_becter, gammafunk_temple_overflow_elements,
          gammafunk_ghost_cemetery, minmay_hedge_maze, minmay_between,
          uniq_jessica
D:4:      minmay_angry_zag, layout_basic, mainiacjoe_overflow_24_doors
D:5:      layout_gridville, dancing_weapons_uskayaw, general_overflow_altar

Skill      XL: |  1  2  3  4  5 |
---------------+----------------+-----
Necromancy     | 5 6 |  6.3
Stealth        | 3 |  3.0
Fighting       | 1 2 |  2.0
Dodging        | 3 |  3.6
Spellcasting   | 4 |  4.0
Throwing       | 1 |  1.0
Staves         | 1 |  1.0
Evocations     | |  0.8

Action                   |  1- 3 |  4- 6 || total
-------------------------+-------+-------++-------
Melee: Dagger            |     1 |       ||     1
       Staff             |       |    20 ||    20
Throw: Javelin           |     4 |     5 ||     9
 Cast: Pain              |    32 |    78 ||   110
       Vampiric Draining |     2 |     9 ||    11
       Animate Dead      |       |     2 ||     2
  Use: Scroll            |     1 |     5 ||     6
       Potion            |     2 |     3 ||     5
Armor: Robe              |       |     7 ||     7
       Skin              |       |     6 ||     6
Dodge: Dodged            |     8 |    41 ||    49
